 Dungeon Crawl Stone Soup version 0.17.0-24-gcfadda4 (webtiles) character file.

93 Arkorax the Skirmisher (level 4, -4/44 HPs)
             Began as a Naga Fighter on Nov 18, 2015.
             Slain by a gnoll
             ... wielding a +0 halberd
              (8 damage)
             ... on level 3 of the Dungeon.
             The game lasted 00:03:41 (1990 turns).

Arkorax the Skirmisher (Naga Fighter)               Turns: 1990, Time: 00:03:41

Health: -4/44      AC:  6    Str: 19    XL:     4   Next: 62%
Magic:  4/4        EV: 10    Int: 13    God:
Gold:   126        SH:  0    Dex: 16    Spells: 0 memorised, 3 levels left

rFire  . . .     SeeInvis +     n - +1 dagger (venom)
rCold  . . .     Clarity  .     l - +0 chain mail
rNeg   . . .     SustAt   .     (no shield)
rPois  +         Gourm    .     (no helmet)
rElec  .         Spirit   .     (no cloak)
rCorr  .         Warding  .     (no gloves)
rMut   .         Rnd*Tele +     (no barding)
MR     .....                    (no amulet)
Stlth  ..........               (no ring)
                                g - ring of teleportation (curse)

@: brilliant, agile, very slow, not resistant to hostile enchantments, extremely
unstealthy
A: see invisible, deformed body, poison resistance, slowness 2, slow metabolism
1, spit poison 2, AC +1
a: Spit Poison, Evoke Teleportation


You were on level 3 of the Dungeon.
You were hungry.

You visited 1 branch of the dungeon, and saw 3 of its levels.

You collected 126 gold pieces.

Inventory:

Hand Weapons
 a - a +0 war axe
 n - a +1 dagger of venom (weapon)
Armour
 c - a +0 shield
 l - a +0 chain mail (worn)
Jewellery
 g - a cursed ring of teleportation (left hand)
Scrolls
 b - 3 scrolls of remove curse
 j - a scroll of immolation {unknown}
 p - a scroll of random uselessness {unknown}
 r - a scroll of magic mapping {unknown}
 s - a scroll of recharging {unknown}
Potions
 d - 2 potions of might
 o - a potion of cancellation {unknown}
 q - a potion of heal wounds {unknown}
 t - a potion of lignification {unknown}
Comestibles
 e - a bread ration
 h - a meat ration


   Skills:
 + Level 4.1 Fighting
 - Level 0.6 Short Blades
 * Level 3.5 Axes
 - Level 2.4 Armour
 - Level 0.1 Dodging
 - Level 2.4 Shields


You had 3 spell levels left.
You didn't know any spells.

Dungeon Overview and Level Annotations

Branches:
Dungeon (3/15)

Altars:
Fedhas


Innate Abilities, Weirdness & Mutations

You cannot wear boots.
Your serpentine skin is tough (AC +1).
You have supernaturally acute eyesight.
Armour fits poorly on your strangely shaped body.
Your system is resistant to poisons.
You cover ground very slowly.
You have a slow metabolism.
You can spit poison.


Message History

You feel forgetful for a moment.
It was a scroll of amnesia.
The gnoll hits you with a whip! The gnoll barely misses you.
The gnoll hits you with a flail of holy wrath!
The gnoll hits you from afar with a halberd!
* * * LOW HITPOINT WARNING * * *
The gnoll completely misses you. The bat hits you but does no damage.
Drink which item? (? for menu, Esc to quit)
It was a potion of brilliance.
You feel clever all of a sudden. The bat hits you but does no damage.
Drink which item? (? for menu, Esc to quit)
It was a potion of agility.
You feel agile all of a sudden. The bat misses you.
The gnoll hits you with a whip.
* * * LOW HITPOINT WARNING * * *
The bat hits you but does no damage.
The gnoll hits you with a flail of holy wrath.
* * * LOW HITPOINT WARNING * * *
The gnoll hits you from afar with a halberd!
You die...

### ##.## #g@b#
#gg)###..
#rg...).#
#...$.....#
....?.........
.....##...##....
..... ##.## ....
.r.. ### ... .##


You could see 4 gnolls, a bat and a rat.

Vanquished Creatures
  3 adders (D:2)
  2 worms (D:2)
  3 giant geckos
  An orc (D:3)
  2 ball pythons
  8 bats
  3 giant cockroaches (D:1)
  4 hobgoblins
  7 jackals
  3 kobolds
  A quokka (D:2)
  4 giant newts
  6 goblins
  9 rats
56 creatures vanquished.

Notes
Turn   | Place    | Note
--------------------------------------------------------------
     0 | D:1      | Arkorax the Naga Fighter began the quest for the Orb.
     0 | D:1      | Reached XP level 1. HP: 21/21 MP: 1/1
   262 | D:1      | Reached XP level 2. HP: 24/28 MP: 2/2
   654 | D:1      | Reached XP level 3. HP: 29/34 MP: 3/3
  1341 | D:2      | Found a blossoming altar of Fedhas.
  1584 | D:2      | Reached XP level 4. HP: 42/44 MP: 4/4
  1811 | D:2      | Reached skill level 4 in Fighting
  1990 | D:3      | Slain by a gnoll

Action                   |  1- 3 |  4- 6 || total
-------------------------+-------+-------++-------
Melee: War axe           |    77 |       ||    77
       Dagger            |    58 |    48 ||   106
  Use: Scroll            |       |     2 ||     2
       Potion            |       |     2 ||     2
  Eat: Chunk             |     1 |     1 ||     2
